 Dungeon Crawl Stone Soup version 0.20.1-1-g8b1a95d (webtiles) character file.

204 Irenicus the Slasher (level 5, -1/41 HPs)
             Began as a Demonspawn Chaos Knight on Oct 7, 2017.
             Slain by an ogre
             ... wielding a +0 giant club
              (10 damage)
             ... on level 4 of the Dungeon.
             The game lasted 00:07:15 (2701 turns).

Irenicus the Slasher (Demonspawn Chaos Knight)      Turns: 2701, Time: 00:07:15

Health: -1/41      AC:  6    Str: 12    XL:     5   Next: 52%
Magic:  5/5        EV: 11    Int: 13    God:    Xom [..*...]
Gold:   223        SH:  0    Dex: 14    Spells: 4/4 levels left

rFire    . . .     SeeInvis .   a - +0 falchion (chaos)
rCold    . . .     Gourm    .   (no shield)
rNeg     . . .     Faith    .   b - +2 leather armour
rPois    .         Spirit   .   (helmet restricted)
rElec    .         Reflect  .   (no cloak)
rCorr    .         Harm     .   (no gloves)
MR       .....                  q - +0 pair of boots
Stlth    +.........             (no amulet)
Regen    0.2/turn               (no ring)
MPRegen  0.1/turn               (no ring)

@: no status effects
A: antennae 1, powered by pain 2
a: Renounce Religion


You were on level 4 of the Dungeon.
You worshipped Xom.
You were a toy of Xom.
You were not hungry.

You visited 1 branch of the dungeon, and saw 4 of its levels.

You collected 223 gold pieces.

Inventory:

Hand Weapons
 a - a +0 falchion of chaos (weapon)
Armour
 b - a +2 leather armour (worn)
 q - a +0 pair of boots (worn)
Wands
 k - a wand of enslavement (8/24)
Scrolls
 d - 2 scrolls of fear {unknown}
 f - a scroll of noise {unknown}
 h - a scroll of recharging {unknown}
 j - 5 scrolls of identify {unknown}
 o - a scroll of teleportation {unknown}
 p - a scroll of enchant armour {unknown}
 s - a scroll of remove curse {unknown}
Potions
 e - a potion of berserk rage {unknown}
 i - 2 potions of might
 l - a potion of lignification {unknown}
 n - a potion of invisibility {unknown}
 r - a potion of ambrosia {unknown}
 v - a potion of degeneration {unknown}
 w - a potion of flight {unknown}
Comestibles
 c - 5 bread rations
 g - 2 fruits
 m - 2 royal jellies
 t - a chunk of flesh
 u - a meat ration


   Skills:
 - Level 3.0 Fighting
 + Level 5.6 Long Blades
 - Level 2.0 Armour
 - Level 1.1 Dodging


You had 4 spell levels left.
You didn't know any spells.

Dungeon Overview and Level Annotations

Branches:
Dungeon (4/15)             Temple (0/1) D:4

Altars:
Trog
Xom

Shops:
D:4 }


Innate Abilities, Weirdness & Mutations

You have a pair of small antennae on your head.
You sometimes gain power by taking damage.


Message History

An ogre appears from thin air!
Reactivating autopickup.
The helpless ogre fails to defend itself.
You hit the ogre.
The ogre is lightly wounded.
The ogre is no longer paralysed.
The ogre misses you.
You hit the ogre.
The ogre is poisoned.
The ogre is moderately wounded.
The ogre misses you.
You hit the ogre.
The ogre seems to slow down.
The ogre is moderately wounded.
The ogre hits you with a giant club!!
* * * LOW HITPOINT WARNING * * *
There is an escape hatch in the ceiling here.
The ogre is no longer moving slowly.
The ogre is engulfed in seething chaos.
The ogre is engulfed in seething chaos.
The ogre flickers and vanishes!
Deactivating autopickup; reactivate with Ctrl-A.
Xom thinks this is hilarious!
Something hits you!
You die...

#.##.#
#######.......#
.....# #.......#
#.#### #.......#
#.####
######.....##
#....#
#..<......##
####.#
#.#####..## #.#
#.#####..#
#.#####.##.§{..#
#.......§.§##@##
#######..§....#
#########


There were no monsters in sight!

Vanquished Creatures
  An ogre (D:3)
  An iguana (D:4)
  A worker ant (D:4)
  An ooze (D:1)
  A worm (D:2)
  A dart slug (D:3)
  A leopard gecko (D:2)
  2 orcs
  2 ball pythons
  8 bats
  4 giant cockroaches
  9 goblins
  6 hobgoblins
  3 jackals (D:4)
  4 frilled lizards
  8 kobolds
  7 rats
60 creatures vanquished.

Notes
Turn   | Place    | Note
-------+----------+-------------------------------------------
     0 | D:1      | Irenicus the Demonspawn Chaos Knight began the quest for the Orb.
     0 | D:1      | Reached XP level 1. HP: 18/18 MP: 1/1
    25 | D:1      | XOM: potion effect (berserk rage)
    53 | D:1      | Reached skill level 1 in Dodging
   129 | D:1      | Reached skill level 3 in Long Blades
   187 | D:1      | Gained mutation: You sometimes gain a little power by taking damage. [demonic ancestry]
   187 | D:1      | Reached XP level 2. HP: 24/24 MP: 2/2
   302 | D:1      | XOM: harmless Erth miscast
   434 | D:1      | XOM: divination: detect creatures
   436 | D:1      | XOM: potion effect (brilliance)
   610 | D:1      | You fall through a shaft!
   713 | D:2      | Found a shimmering altar of Xom.
   730 | D:2      | Reached XP level 3. HP: 19/29 MP: 3/3
  1538 | D:3      | Reached skill level 4 in Long Blades
  1666 | D:3      | XOM: noise
  1716 | D:3      | Found a bloodstained altar of Trog.
  1785 | D:3      | XOM is BORED!
  1785 | D:3      | XOM: noise
  1899 | D:3      | Noticed an ogre
  1900 | D:3      | XOM: butterfly on damage
  1910 | D:3      | Killed an ogre
  1910 | D:3      | Reached skill level 5 in Long Blades
  1910 | D:3      | Gained mutation: You have a pair of small antennae on your head. [demonic ancestry]
  1910 | D:3      | Reached XP level 4. HP: 21/35 MP: 4/4
  1910 | D:3      | Gained mutation: You sometimes gain power by taking damage. [demonic ancestry]
  1910 | D:3      | Reached XP level 5. HP: 25/41 MP: 5/5
  2298 | D:4      | Found Teluy's Gadget Shoppe.
  2553 | D:4      | Found a staircase to the Ecumenical Temple.
  2647 | D:4      | Noticed an ogre
  2669 | D:4      | XOM: cloud trail
  2701 | D:4      | Slain by an ogre

Skill      XL: |  1  2  3 |
---------------+----------+-----
Dodging        | 1 |  1.1
Long Blades    | 3 5 |  5.6
Armour         | 2 |  2.0
Fighting       | |  3.0

Action                   |  1- 3 |  4- 6 || total
-------------------------+-------+-------++-------
Melee: Falchion          |   112 |    35 ||   147
  Use: Potion            |     1 |       ||     1
 Stab: Sleeping          |     1 |       ||     1
       Confused          |       |     1 ||     1
       Paralysed         |       |     1 ||     1
  Eat: Chunk             |     3 |     3 ||     6
Armor: Leather armour    |    37 |    11 ||    48
Dodge: Dodged            |    64 |    20 ||    84
       Rpst.: Falchion   |    26 |     7 ||    33
